 Dungeon Crawl Stone Soup version 0.21.1-1-g345015fe64 (webtiles) character file.

841 Peloso the Slasher (level 7, -5/61 HPs)
             Began as a Minotaur Fighter on June 23, 2018.
             Slain by a killer bee (6 damage)
             ... on level 5 of the Dungeon.
             The game lasted 00:06:32 (2999 turns).

Peloso the Slasher (Minotaur Fighter)               Turns: 2999, Time: 00:06:33

Health: -5/61      AC: 14    Str: 21    XL:     7   Next: 67%
Magic:  6/6        EV:  4    Int:  5    God:
Gold:   307        SH: 10    Dex: 11    Spells: 6/6 levels left

rFire    . . .     SeeInvis .   a - +0 long sword
rCold    . . .     Gourm    .   c - +0 shield
rNeg     . . .     Faith    .   b - +0 plate armour
rPois    .         Spirit   .   (helmet restricted)
rElec    .         Reflect  .   (no cloak)
rCorr    +         Harm     .   (no gloves)
MR       .....                  s - +0 pair of boots
Stlth    ..........             w - amulet of regeneration
HPRegen  0.60/turn              l - ring of resist corrosion (curse)
MPRegen  0.10/turn              v - ring of wizardry

@: lethally poisoned (-5 -> -10)
A: retaliatory headbutt, horns 2
a: no special abilities


You were on level 5 of the Dungeon.
You were not hungry.

You visited 1 branch of the dungeon, and saw 5 of its levels.

You collected 307 gold pieces.

Inventory:

Hand Weapons
 a - a +0 long sword (weapon)
Armour
 b - a +0 plate armour (worn)
 c - a +0 shield (worn)
 s - a +0 pair of boots (worn)
Jewellery
 l - a cursed ring of resist corrosion (left hand)
 v - a ring of wizardry (right hand)
 w - an amulet of regeneration (around neck)
Scrolls
 h - 5 scrolls of identify {unknown}
 j - a scroll of teleportation {unknown}
 k - a scroll of remove curse {unknown}
 m - a scroll of noise {unknown}
 n - a scroll of random uselessness {unknown}
 o - a scroll of enchant weapon {unknown}
 t - a scroll of amnesia {unknown}
 u - a scroll of fear {unknown}
Potions
 d - a potion of might
 e - a potion of heal wounds
 g - a potion of magic {unknown}
 i - a potion of cancellation {unknown}
 p - a potion of berserk rage {unknown}
 q - a potion of curing {unknown}
 r - a potion of mutation {unknown}
Books
 y - a book of Maledictions

   Spells                             Type                      Level
   a - Corona                         Hexes                        1
   b - Ensorcelled Hibernation        Hexes/Ice                    2
   c - Confuse                        Hexes                        3
   d - Tukima's Dance                 Hexes                        3
   e - Dazzling Spray                 Conjuration/Hexes            3
Comestibles
 f - 7 rations


   Skills:
 + Level 5.5 Fighting
 + Level 6.9 Long Blades
 + Level 6.1 Armour
 + Level 0.5 Dodging
 + Level 6.0 Shields


You had 6 spell levels left.
You didn't know any spells.

Dungeon Overview and Level Annotations

Branches:
Dungeon (5/15)
 Temple: D:4-7

Altars:
Kikubaaqudgha
Nemelex Xobeh


Innate Abilities, Weirdness & Mutations

You reflexively headbutt those who attack you in melee.
You have a pair of horns on your head.


Message History

* * * LOW HITPOINT WARNING * * *
You are more poisoned.
The killer bee poisons you!
You hit the killer bee.
The killer bee is severely wounded.
You feel sick. The killer bee stings you.
* * * LOW HITPOINT WARNING * * *
You are more poisoned.
The killer bee poisons you! The killer bee stings you.
* * * LOW HITPOINT WARNING * * *
You hit the killer bee but do no damage.
The killer bee is severely wounded.
* * * LOW HITPOINT WARNING * * *
You feel sick. You block the killer bee's attack. The killer bee stings you.
* * * LOW HITPOINT WARNING * * *
You closely miss the killer bee. Your headbutt misses the killer bee.
The killer bee is severely wounded.
* * * LOW HITPOINT WARNING * * *
You feel sick. The killer bee stings you.
You die...

........# ..#
#..y....# #.#####
##.#....# #.....#
#...y..###.....#
####.####......# #
#...##......# .#
###.........# ..
#...#.....####.#
##..###..y@†...#
.........#####...#
.....##.#.## #.#
...###.##.#..# #
... ...#.##.## ...
.. ...#. #..#....
#.###.#....
#.#...#....
#.#....#


You could see a killer bee.

Vanquished Creatures
  The ghost of Evaline the Firebug, an amateur TeFE of Ru (D:3)
  5 killer bees (D:5)
  A howler monkey (D:4)
  3 bullfrog skeletons
  A hound (D:4)
  A centaur skeleton (D:4)
  An orc priest (D:4)
  An iguana (D:4)
  3 worker ants
  An orc wizard (D:4)
  6 adders
  4 oozes
  3 worms
  2 dart slugs (D:2)
  3 leopard geckos
  9 orcs
  2 ball pythons (D:1)
  7 giant cockroaches
  10 goblins
  17 hobgoblins
  6 kobolds
  A quokka (D:2)
  9 bats
  3 frilled lizards (D:3)
  A leopard gecko skeleton (D:4)
  3 rats (D:2)
104 creatures vanquished.

Notes
Turn   | Place    | Note
-------+----------+-------------------------------------------
     0 | D:1      | Peloso the Minotaur Fighter began the quest for the Orb.
     0 | D:1      | Reached XP level 1. HP: 19/19 MP: 0/0
    26 | D:1      | Reached XP level 2. HP: 25/27 MP: 1/1
   205 | D:1      | Reached XP level 3. HP: 30/33 MP: 2/2
   726 | D:2      | Reached XP level 4. HP: 35/41 MP: 3/3
  1078 | D:3      | Noticed Evaline's ghost (amateur TeFE)
  1147 | D:3      | Killed Evaline's ghost
  1147 | D:3      | Reached skill level 5 in Shields
  1147 | D:3      | Reached XP level 5. HP: 10/47 MP: 4/4
  2037 | D:4      | Reached skill level 5 in Long Blades
  2037 | D:4      | Reached XP level 6. HP: 50/55 MP: 5/5
  2106 | D:4      | Reached skill level 5 in Fighting
  2118 | D:4      | Reached skill level 5 in Armour
  2489 | D:4      | Found an ancient bone altar of Kikubaaqudgha.
  2679 | D:4      | Reached XP level 7. HP: 50/61 MP: 6/6
  2773 | D:4      | Found a sparkling altar of Nemelex Xobeh.
  2867 | D:5      | Entered Level 5 of the Dungeon
  2988 | D:5      | HP: 2/61 [killer bee (6)]
  2998 | D:5      | HP: 2/61 [killer bee (4)]
  2999 | D:5      | Slain by a killer bee

Skill      XL: |  1  2  3  4  5  6  7 |
---------------+----------------------+-----
Fighting       | 4 5 |  5.5
Armour         | 4 5 6 |  6.1
Shields        | 4 5 6 |  6.0
Long Blades    | 3 4 5 6 |  6.9
Dodging        | |  0.5

Action                   |  1- 3 |  4- 6 |  7- 9 || total
-------------------------+-------+-------+-------++-------
Melee: Long sword        |    83 |   177 |    60 ||   320
       Headbutt          |    10 |    35 |    14 ||    59
  Use: Potion            |       |       |     2 ||     2
  Eat: Chunk             |       |     5 |     2 ||     7
Armor: Scale mail        |     2 |       |       ||     2
       Chain mail        |     8 |       |       ||     8
       Plate armour      |    28 |   101 |    48 ||   177
Dodge: Dodged            |    18 |    34 |    20 ||    72
Block: Shield            |    52 |   102 |    48 ||   202
       Rpst.: Long sword |     4 |    10 |     4 ||    18
